 Dungeon Crawl Stone Soup version 0.22-a0-410-g97be04f (webtiles) character file.

9 4thArraOfDagon the Shield-Bearer (level 2, 27/40 HPs)
             Began as a Deep Dwarf Fighter on May 11, 2018.
             Quit the game on level 2 of the Dungeon.
             The game lasted 00:00:49 (141 turns).

4thArraOfDagon the Shield-Bearer (DDFi)              Turns: 141, Time: 00:00:50

Health: 27/40      AC: 21    Str: 19    XL:     2   Next: 3%
Magic:  2/2        EV:  2    Int:  8    God:
Gold:   15         SH:  9    Dex: 12    Spells: 1/1 levels left

rFire    . . .     SeeInvis .   a - +0 rapier
rCold    . . .     Gourm    .   c - +0 shield
rNeg     + + +     Faith    .   (armour currently unavailable)
rPois    +         Spirit   .   (helmet currently unavailable)
rElec    .         Reflect  .   (cloak currently unavailable)
rCorr    .         Harm     .   (gloves currently unavailable)
MR       .....     NoTele   +   (boots currently unavailable)
Stlth    +.........             (no amulet)
HPRegen  0.00/turn              (no ring)
MPRegen  0.08/turn              (no ring)

@: tree-form, non-regenerating
A: damage resistance, heal wounds, sense surroundings 1, no regeneration
a: Heal Wounds


You were on level 2 of the Dungeon.
You were not hungry.
You were a tree.
You visited 1 branch of the dungeon, and saw 2 of its levels.

You collected 15 gold pieces.

Inventory:

Hand Weapons
 a - a +0 rapier (weapon)
Armour
 b - a +0 scale mail (melded)
 c - a +0 shield (worn)
Potions
 d - a potion of might
 e - a potion of invisibility {unknown}
Comestibles
 f - 2 rations


   Skills:
 + Level 2.9 Fighting
 - Level 1.7 Short Blades
 + Level 3.5 Armour
 + Level 3.5 Shields


You had one spell level left.
You didn't know any spells.

Dungeon Overview and Level Annotations

Branches:
Dungeon (2/15)

Altars:


Innate Abilities, Weirdness & Mutations

You are resistant to damage.
You can heal yourself by infusing magical energy.
You passively map a small area around you.
You do not regenerate.


Message History

The gnoll hits you but does no damage.
Unknown command.
You puncture the adder!
You kill the adder!
You have reached level 2!
The kobold hits you but does no damage. The worm barely misses you.
You block the gnoll's attack.
Unknown command.
Something unseen opens the door.
Unknown command.
Unknown command.
You see here a fizzy puce potion.
Unknown command.
It was a potion of lignification.
You turn into a tree.
Your +0 scale mail melds into your body.
Your roots penetrate the ground.
The kobold hits you but does no damage.
Unknown command.
You cannot move.
Unknown command.
Are you sure you want to abandon this character and quit the game? (Confirm with "yes".)

..........# * * .........# ,
........# #####+#.......# , .,*
#.....#.......# * ..
+.....#.......# *,, *
#.##....##.......# * ,
#.......'lgK♣....+ , , ,
###....g##.g.....# * ###
#.......gw.####### #.. *
#.##....################,,#.#
........................# ,#.#
*##.####################.####.#
#,#..................(....... *
#.############.###.#.####.# #.#
#.# #.#.# #.#


You could see a worm, 4 gnolls, a kobold and a frilled lizard.

Vanquished Creatures
  An adder (D:2)
1 creature vanquished.

Notes
Turn   | Place    | Note
-------+----------+-------------------------------------------
     0 | D:1      | 4thArraOfDagon the Deep Dwarf Fighter began the quest for the Orb.
     0 | D:1      | Reached XP level 1. HP: 20/20 MP: 1/1
    64 | D:2      | p0werm0de: WHUUT
    74 | D:2      | p0werm0de: not even the scroll?
    79 | D:2      | p0werm0de: 3 tiles
   129 | D:2      | p0werm0de: world record today ?
   129 | D:2      | 4thArraOfDagon: yes, with rapier
   135 | D:2      | Reached XP level 2. HP: 18/27 MP: 2/2
   138 | D:2      | p0werm0de: :P
   141 | D:2      | Quit the game

Vault maps used:
D:1:      elethiomel_arrival_quiet

Action                   || total
-------------------------++-------
Melee: Rapier            ||     2
  Use: Potion            ||     1
Armor: Scale mail        ||     7
       Skin              ||     1
Dodge: Dodged            ||     6
Block: Shield            ||     7

Table legend:
 A = Spawn XP
 B = Non-spawn XP
 C = Spawn XP percentage of total XP
 D = Spawn monster count
 E = Non-spawn monster count
 F = Spawn count percentage of total count
 G = Total turns spent on level
                    A         B        C        D         E        F      G
               +---------+---------+-------+---------+---------+-------+---------
         Total |       0 |      13 |   0.0 |       0 |       1 |   0.0 |   141
               +---------+---------+-------+---------+---------+-------+---------
           D:2 |       0 |      13 |   0.0 |       0 |       1 |   0.0 |    95
               +---------+---------+-------+---------+---------+-------+---------
